 Dungeon Crawl Stone Soup version 0.32-a0-540-g866d13106e (webtiles) character file.

Game seed: 2157796339897339645

588 audacious124 the Cudgeller (level 7, -10/60 HPs)
             Began as a Mountain Dwarf Monk on Feb 28, 2024.
             Was a Priest of Beogh.
             Mangled by Arbeogh the orc apostle
             ... wielding a +2 dire flail of protection
              (13 damage)
             ... on level 5 of the Dungeon.
             The game lasted 00:17:48 (3950 turns).

audacious124 the Cudgeller (Mountain Dwarf Monk)    Turns: 3950, Time: 00:17:50

Health: -10/60     AC: 12    Str: 18    XL:     7   Next: 15%
Magic:  7/7        EV:  5    Int: 11    God:    Beogh [***...]
Gold:   137        SH: 12    Dex: 12    Spells: 6/6 levels left

rFire   . . .        q - +1 mace (holy)
rCold   . . .        l - +0 tower shield
rNeg    . . .        a - +3 chain mail of the Eagle {Str+3 Slay+2}
rPois   +            (no helmet)
rElec   .            s - +0 cloak
rCorr   .            (no gloves)
SInv    .            (no boots)
Will    .....        (no amulet) Stlth
                     i - ring of poison resistance
HPRegen 0.30/turn    (no ring)
MPRegen 0.10/turn

%: no passive effects
@: mighty
A: runic magic, artefact enchanting
a: Renounce Religion, Smiting


You were on level 5 of the Dungeon.
You worshipped Beogh.
Beogh was most pleased with you.
You visited 1 branch of the dungeon, and saw 5 of its levels.
You also visited: Sewer.

You collected 137 gold pieces.

Inventory:

Hand Weapons
 j - a +4 sling
 o - a +0 morningstar
 q - a +1 mace of holy wrath (weapon)
Armour
 a - the +3 chain mail of the Eagle (worn) {Str+3 Slay+2}
   (You found it on level 3 of the Dungeon)

   Str+3:     It affects your strength (+3).
   Slay+2:    It affects your accuracy & damage with ranged weapons and melee
   (+2).
 l - a +0 tower shield (worn)
 s - a +0 cloak (worn)
Jewellery
 i - a ring of poison resistance (left hand)
 p - a ring of wizardry
Scrolls
 d - 2 scrolls of teleportation
 f - 4 scrolls of identify
 m - a scroll of vulnerability
 r - 2 scrolls of immolation
 u - 2 scrolls of enchant armour {unknown}
 w - a scroll of revelation
Potions
 b - 3 potions of heal wounds
 c - a potion of ambrosia
 e - 4 potions of curing
 g - 2 potions of might
 h - 5 potions of mutation
 k - a potion of brilliance
 n - a potion of enlightenment
 t - a potion of haste {unknown}
 v - a potion of magic {unknown}


   Skills:
 + Level 4.9 Fighting
 + Level 5.5 Maces & Flails
 + Level 3.2 Ranged Weapons
 + Level 1.7 Armour
 + Level 2.9 Dodging
 * Level 2.5 Shields


You had 6 spell levels left.
You didn't know any spells.
Your spell library contained the following spells:

 Spells                   Type           Power      Damage    Failure   Level
 Sculpt Simulacrum        Ice/Alch       0%         N/A       100%        6
 Haunt                    Necr/Summ      0%         N/A       100%        7
 Ozocubu's Refrigeration  Ice            0%         4d7       100%        7
 Borgnjor's Revivificati  Necr           0%         N/A       100%        8
 Death's Door             Necr           0%         N/A       100%        9
 Polar Vortex             Ice            0%         N/A       100%        9


Dungeon Overview and Level Annotations

Branches:
Dungeon (5/15)              Sewer (visited)
 Temple: D:4-7

Altars:
Yredelemnul

Shops:
D:3 (


Innate Abilities, Weirdness & Mutations

Your facial features look somewhat orcish.
Your spellcasting is much less encumbered by armour.
You can use scrolls of enchantment on lesser artefacts.


Message History

You shoot a sling bullet. The sling bullet hits Arbeogh.
Arbeogh is lightly wounded.
You shoot a sling bullet.
The sling bullet hits Arbeogh but does no damage.
Arbeogh hits you with a +2 dire flail of protection!
You block Arbeogh's attack.
Your +1 mace of holy wrath softly glows with a divine radiance!
q - a +1 mace of holy wrath (weapon)
You hit Arbeogh but do no damage. Arbeogh barely misses you.
You block Arbeogh's attack.
You hit Arbeogh but do no damage. You block Arbeogh's attack.
You closely miss Arbeogh.
Arbeogh hits you with a +2 dire flail of protection.
You completely miss Arbeogh.
Arbeogh hits you with a +2 dire flail of protection!
Arbeogh hits you with a +2 dire flail of protection!!
* * * LOW HITPOINT WARNING * * *
You are too injured to fight recklessly!
You feel much better.
Arbeogh hits you with a +2 dire flail of protection.
You feel very mighty all of a sudden.
Arbeogh hits you with a +2 dire flail of protection.
You hit Arbeogh but do no damage. You block Arbeogh's attack.
You sock Arbeogh!
Arbeogh is lightly wounded.
You block Arbeogh's attack.
Arbeogh hits you with a +2 dire flail of protection!
You closely miss Arbeogh.
Arbeogh is lightly wounded.
You block Arbeogh's attack. x2
You completely miss Arbeogh.
Arbeogh is lightly wounded.
Arbeogh hits you with a +2 dire flail of protection!
You barely miss Arbeogh.
Arbeogh is lightly wounded.
Arbeogh hits you with a +2 dire flail of protection!!
* * * LOW HITPOINT WARNING * * *
Arbeogh hits you with a +2 dire flail of protection!
You die...
Beogh appreciates Arbeogh's killing of a heretic priest.

#...#....#
#...#....#
#.^.#....#
#...###..##### ###
#...##.......#
#~#.#...##..#....#
#.#.#.......+....#
#~#.#...##o.#....#
#~#.#...##@.#....#
#~#)#...##..# ...#
.....##~#.#...##..#
..#
.....##~#.#....#..#
.....##~#.'...##..#
.....##~#.#...#####
.....#..÷.#....#
.....#....######
...†.#.........##


You could see Arbeogh the orc apostle (divinely empowered).

Vanquished Creatures
  Sigmund (D:2)
  A kobold brigand (Sewer)
  A scorpion (D:5)
  A bombardier beetle (D:4)
  A hound (D:4)
  An iguana (D:4)
  2 gnolls (D:1)
  6 adders
  4 river rats (Sewer)
  3 dart slugs
  A ribbon worm (D:3)
  2 orcs (D:4)
  2 bats
  3 endoplasms
  4 giant cockroaches
  8 hobgoblins
  A quokka (D:4)
  9 ball pythons
  A frilled lizard (D:1)
  4 goblins
  31 kobolds
  28 rats
115 creatures vanquished.

Notes
Turn   | Place    | Note
-------+----------+-------------------------------------------
     0 | D:1      | audacious124 the Mountain Dwarf Monk began the quest for
                  | the Orb.
     0 | D:1      | Reached XP level 1. HP: 19/19 MP: 1/1
   170 | D:1      | Reached skill level 4 in Maces & Flails
   170 | D:1      | Reached XP level 2. HP: 24/26 MP: 2/2
   303 | D:1      | Reached XP level 3. HP: 19/33 MP: 3/3
   705 | D:1      | Found a faded altar of an unknown god.
   804 | D:2      | Noticed Sigmund
   814 | D:2      | Killed Sigmund
   815 | D:2      | Reached XP level 4. HP: 11/41 MP: 4/4
   815 | D:2      | Reached XP level 5. HP: 12/47 MP: 5/5
  1367 | D:2      | Reached skill level 5 in Maces & Flails
  1725 | D:3      | Found a basalt altar of Yredelemnul.
  1775 | D:3      | Found Zoeghaga's Weapon Boutique.
  1968 | D:3      | Identified the +3 chain mail of the Eagle {Str+3 Slay+2}
  2475 | D:4      | Reached skill level 1 in Armour
  2475 | D:4      | Reached XP level 6. HP: 53/53 MP: 6/6
  2618 | D:4      | Reached skill level 1 in Shields
  2660 | D:4      | Became a worshipper of Beogh the Shepherd
  2660 | D:4      | Reached * piety under Beogh
  2660 | D:4      | Reached ** piety under Beogh
  3118 | D:5      | Entered Level 5 of the Dungeon
  3193 | D:5      | Found a glowing drain.
  3202 | Sewer    | Entered a sewer
  3413 | Sewer    | Reached *** piety under Beogh
  3510 | Sewer    | Reached XP level 7. HP: 34/60 MP: 7/7
  3934 | D:5      | Identified the +8 plate armour of the Valley of Death {rN+
                  | MP-9 Dex+7 SInv}
  3934 | D:5      | Noticed Arbeogh
  3950 | D:5      | HP: 3/60 [Arbeogh the orc apostle/+2 dire flail of
                  | protection (20)]
  3950 | D:5      | Mangled by Arbeogh the orc apostle

Illustrated notes

Levels and vault maps discovered:
D:1:      ncdulo_halloftheorcs, layout_basic,
          shapermc_ecumenical_altar_hornbeckon, hex_large,
          kennysheep_decorative_pillar
D:2:      cheibrodos_old_hovel, layout_loops_ring, uniq_sigmund
D:3:      layout_basic, mainiacjoe_overflow_six_doors_small, serial_shops,
          nicolae_shop_tiny_waterfront
D:4:      layout_basic
D:5:      minmay_general_purpose_star, layout_gridville,
          overflow_temple_1_default, temple_fountains, portal_sewer_entry_d

Skill      XL: |  1  2  3  4  5  6 |
---------------+-------------------+-----
Maces & Flails | 4 5 |  5.5
Fighting       | 4 |  4.9
Ranged Weapons | 2 3 |  3.2
Armour         | 1 |  1.7
Shields        | 2 |  2.5
Dodging        | |  2.9

Action                     |  1- 3 |  4- 6 |  7- 9 || total
---------------------------+-------+-------+-------++-------
  Melee: Mace              |    60 |   135 |    36 ||   231
   Fire: Sling             |    31 |    84 |     4 ||   119
 Invoke: Convert to Beogh  |       |     1 |       ||     1
    Use: Scroll            |     4 |    12 |       ||    16
         Potion            |       |       |     2 ||     2
 Armour: Robe              |    23 |       |       ||    23
         Plate armour      |    11 |    49 |       ||    60
         Chain mail        |       |   137 |    42 ||   179
  Dodge: Dodged            |    14 |    43 |     7 ||    64
  Block: Tower shield      |       |   138 |    44 ||   182

Table legend: (Time is in decaauts)
 A = Elapsed time spent in this place.
 B = Non-inter-level travel time spent in this place.
 C = Inter-level travel time spent in this place.
 D = Time resting spent in this place.
 E = Time spent auto-exploring this place.
 F = Levels seen in this place.
 G = Mean time per level.
                   A        B        C        D        E       F      G
               +--------+--------+--------+--------+--------+-----+--------+
         Total |   4130 |   3998 |    132 |      0 |   3121 |   6 |  688.3 |
       Dungeon |   3364 |   3232 |    132 |      0 |   2626 |   5 |  672.8 |
         Sewer |    766 |    766 |      0 |      0 |    494 |   1 |  766.0 |
               +--------+--------+--------+--------+--------+-----+--------+

Top non-repeatable levels by time:
     D:2: 861 daAuts
     D:3: 786 daAuts
     D:1: 785 daAuts
   Sewer: 766 daAuts
     D:4: 764 daAuts
     D:5: 167 daAuts
